Map: [ESL] Moondance

Players

soO

  • Race: Zerg Zerg
  • Spawn Location: 12:00

Serral - Winner!

  • Race: Zerg Zerg
  • Spawn Location: 6:00

Event: HomeStory Cup XXI

VOD

Have the link to the VOD?

Description

Time

  • Played on: July 23, 2022, 8:39 a.m.
  • Length: 16:16

All games in this series

Show
View Real Time Build Order
Export as new Build Order

soO Zerg 

Build Orders: Hatch First, Lurkers, Roach Hydra 

Get SALT Encoding   

  12  0:00  Drone  
  13  0:11  Overlord  
  13  0:16  Drone  
  14  0:30  Drone x2  
  16  0:47  Hatchery  
  15  0:50  Drone  
  15  0:54  Drone  
  17  0:57  Drone  
  18  1:08  Extractor  
  17  1:12  Spawning Pool  
  17  1:15  Drone  
  17  1:19  Drone  
  18  1:27  Drone  
  19  1:38  Drone  
  20  1:50  Drone  
  21  1:58  Queen  
  21  1:59  Queen, Zergling x2  
  21  2:00  Drone  
  27  2:09  Overlord  
  27  2:11  Drone  
  28  2:28  Drone x2  
  30  2:32  Drone x2  
  30  2:34  Queen  
  34  2:43  Drone  
  34  2:48  Drone, Hatchery  
  34  2:52  Overlord  
  34  2:54  Drone  
  35  2:59  Evolution Chamber  
  35  3:03  Drone  
  35  3:10  Overlord  
  35  3:11  Drone  
  35  3:12  Drone x4  
  40  3:13  Drone  
  41  3:20  Roach Warren  
  41  3:22  Drone  
  41  3:26  Zerg Missile Weapons Level 1  
  41  3:30  Drone x2  
  41  3:34  Drone  
  44  3:38  Drone, Lair  
  45  3:42  Drone x2  
  45  3:45  Evolution Chamber  
  45  3:46  Drone  
  47  3:49  Drone, Extractor x2  
  47  3:50  Drone  
  47  3:52  Drone  
  47  3:53  Drone  
  47  3:55  Drone  
  50  3:58  Overlord  
  50  4:00  Drone  
  50  4:02  Drone  
  52  4:05  Drone  
  53  4:13  Drone x2  
  53  4:15  Overlord  
  53  4:16  Zerg Ground Armor Level 1  
  55  4:18  Drone  
  55  4:19  Drone  
  55  4:20  Drone  
  58  4:24  Overlord  
  58  4:26  Overlord  
  58  4:31  Overlord  
  58  4:32  Extractor  
  58  4:34  Drone  
  58  4:36  Drone  
  58  4:37  Drone x4  
  63  4:44  Glial Reconstitution  
  69  4:45  Roach x3  
  69  4:50  Overseer x2  
  70  4:52  Drone  
  70  4:53  Drone x2  
  70  4:54  Extractor  
  71  5:06  Roach x2  
  75  5:10  Overlord, Hatchery  
  75  5:11  Roach x2  
  78  5:14  Roach x2  
  78  5:18  Overlord  
  83  5:21  Drone  
  83  5:22  Overlord  
  83  5:25  Roach x3  
  89  5:35  Roach x3  
  95  5:39  Roach x2  
  99  5:43  Overlord  
  99  5:47  Roach x4  
  107  5:50  Overlord  
  107  5:53  Zerg Missile Weapons Level 2  
  107  5:54  Roach x2  
  107  5:55  Drone  
  112  5:59  Overlord  
  112  6:01  Roach x2  
  116  6:05  Drone  
  116  6:06  Drone  
  116  6:07  Drone  
  119  6:14  Drone  
  119  6:16  Drone x2  
  122  6:18  Drone  
  122  6:20  Roach x3  
  122  6:24  Queen, Drone x2  
  133  6:28  Roach x4  
  133  6:31  Overlord  
  141  6:36  Overlord, Overseer  
  141  6:38  Hydralisk Den  
  140  6:40  Roach x2  
  140  6:41  Overlord  
  140  6:45  Overlord  
  144  6:47  Extractor  
  144  6:48  Overlord  
  144  6:52  Roach x4  
  151  6:58  Roach x4  
  151  6:59  Drone  
  151  7:00  Drone  
  161  7:05  Overlord  
  161  7:07  Grooved Spines  
  161  7:14  Roach x6  
  173  7:16  Overlord  
  173  7:19  Overlord  
  173  7:27  Ravager  
  173  7:28  Ravager  
  175  7:31  Hydralisk x5  
  175  7:33  Hydralisk x2  
  175  7:35  Hydralisk  
  199  7:44  Roach x4  
  199  7:47  Drone  
  198  7:54  Roach  
  200  7:59  Extractor  
  199  8:06  Infestation Pit  
  199  8:10  Roach x7  
  199  8:11  Roach x2  
  187  8:14  Roach x8  
  187  8:17  Roach x2  
  175  8:22  Roach x2  
  175  8:23  Roach  
  165  8:32  Roach x6  
  177  8:39  Roach x2  
  181  8:43  Roach x4  
  189  8:48  Hive  
  189  8:53  Muscular Augments  
  189  8:55  Roach x2  
  193  8:57  Roach  
  193  9:01  Roach x2  
  187  9:11  Roach x6  
  187  9:13  Roach  
  187  9:14  Roach  
  187  9:16  Roach x2  
  172  9:18  Roach  
  172  9:21  Roach  
  172  9:22  Roach  
  172  9:23  Hydralisk  
  152  9:26  Hydralisk  
  152  9:27  Hydralisk  
  152  9:30  Hydralisk  
  142  9:33  Hydralisk  
  142  9:38  Hydralisk x3  
  138  9:47  Roach x5  
  148  9:53  Hydralisk x2  
  148  9:56  Roach x2  
  156  10:01  Zerg Missile Weapons Level 3  
  156  10:05  Roach x2  
  160  10:09  Overlord x2  
  160  10:15  Roach x3  
  166  10:25  Zerg Ground Armor Level 2  
  166  10:27  Roach  
  168  10:28  Overseer  
  168  10:32  Roach x2  
  168  10:33  Hatchery  
  171  10:38  Roach x4  
  179  10:43  Roach  
  179  10:44  Roach x2  
  179  10:45  Overseer  
  185  10:51  Roach x3  
  185  10:54  Pneumatized Carapace  
  185  10:57  Drone x2, Lurker Den  
  192  10:59  Overlord  
  192  11:11  Overlord  
  192  11:24  Overseer  
  190  11:26  Roach x3  
  192  11:37  Roach x10  
  192  11:38  Roach x2  
  196  11:41  Roach  
  196  11:42  Roach x7  
  196  11:45  Hydralisk x2  
  196  11:48  Hydralisk  
  196  11:51  Roach  
  196  11:52  Roach  
  164  11:54  Roach  
  164  11:56  Roach  
  164  11:57  Roach  
  154  12:08  Seismic Spines  
  150  12:09  Hydralisk x3  
  150  12:10  Hydralisk  
  158  12:18  Hydralisk x4  
  164  12:27  Overseer  
  164  12:28  Overseer  
  164  12:36  Drone x2  
  166  12:45  Overseer x2  
  166  12:49  Viper  
  166  12:50  Viper  
  172  12:57  Lurker  
  172  12:58  Extractor, Hydralisk x4  
  172  12:59  Extractor  
  172  13:01  Drone  
  180  13:14  Overlord  
  180  13:16  Hatchery  
  179  13:24  Hydralisk x5  
  189  13:30  Overlord  
  189  13:31  Adaptive Talons  
  187  13:39  Spore Crawler  
  186  13:42  Spore Crawler  
  186  13:43  Drone  
  186  13:46  Spore Crawler  
  186  13:47  Spore Crawler  
  184  13:50  Hydralisk x2  
  184  13:51  Hydralisk x8  
  198  14:12  Overlord  
  198  14:14  Overlord  
  198  14:21  Overlord  
  198  14:27  Overlord  
  198  14:28  Overlord  
  192  14:34  Hydralisk x7  
  192  14:35  Overseer  
  184  14:40  Lurker  
  184  14:41  Viper x2, Lurker x2  
  184  14:44  Hydralisk x4  
  180  14:49  Hydralisk x2  
  168  14:53  Hydralisk  
  168  15:01  Overseer  
  168  15:06  Hatchery  
  165  15:20  Lurker x3  
  165  15:21  Lurker  
  169  15:27  Lurker  
  169  15:28  Lurker x2  
  172  15:29  Drone x2  
  172  15:30  Drone x2  
  172  15:32  Extractor  
  175  15:43  Drone  
  175  15:48  Overseer  
  174  15:52  Drone  
  174  15:53  Drone  
Show
View Real Time Build Order
Export as new Build Order

Serral Zerg - Winner!

Build Orders: Hatch First, Lurkers 

Get SALT Encoding   

  12  0:00  Drone  
  13  0:12  Overlord  
  13  0:16  Drone  
  14  0:30  Drone x2  
  16  0:47  Hatchery  
  15  0:50  Drone  
  15  0:54  Drone  
  17  1:07  Spawning Pool  
  17  1:10  Drone  
  17  1:14  Drone  
  17  1:17  Drone  
  19  1:38  Hatchery  
  18  1:41  Drone  
  18  1:42  Drone  
  20  1:54  Queen  
  20  2:00  Queen  
  24  2:05  Overlord  
  24  2:09  Zergling x2  
  24  2:12  Drone  
  24  2:14  Drone  
  27  2:16  Drone  
  28  2:26  Drone x2  
  28  2:29  Queen  
  30  2:32  Drone  
  30  2:34  Drone  
  34  2:42  Drone  
  34  2:43  Overlord  
  35  2:50  Drone  
  36  2:51  Queen  
  36  2:56  Drone x2  
  39  3:01  Overlord  
  39  3:02  Drone x2  
  39  3:04  Drone  
  39  3:05  Drone  
  43  3:08  Drone  
  44  3:13  Extractor, Drone x2  
  44  3:14  Extractor  
  44  3:19  Evolution Chamber  
  43  3:20  Overlord  
  43  3:21  Drone  
  43  3:23  Drone  
  43  3:25  Drone  
  43  3:26  Drone  
  47  3:29  Drone x2  
  49  3:35  Roach Warren  
  49  3:37  Drone  
  49  3:40  Extractor  
  49  3:41  Extractor  
  47  3:42  Drone x3  
  47  3:45  Drone x2  
  47  3:47  Drone  
  53  3:50  Drone  
  53  3:52  Drone x2  
  53  3:53  Drone  
  58  3:59  Zerg Missile Weapons Level 1  
  58  4:00  Drone x2  
  58  4:01  Drone  
  61  4:06  Drone, Overlord  
  62  4:12  Drone x4  
  62  4:15  Extractor  
  62  4:16  Lair  
  65  4:24  Hatchery  
  65  4:26  Drone  
  65  4:27  Drone  
  66  4:32  Extractor  
  66  4:34  Overlord x2  
  66  4:35  Drone x2  
  67  4:38  Roach  
  67  4:39  Roach  
  67  4:42  Overlord  
  73  4:45  Roach  
  73  4:48  Drone  
  73  4:52  Overlord x3  
  74  4:55  Roach  
  74  4:56  Roach  
  74  4:58  Pneumatized Carapace  
  78  5:02  Roach x2  
  82  5:07  Roach  
  82  5:08  Roach x2  
  88  5:14  Overseer  
  88  5:18  Evolution Chamber  
  88  5:19  Roach  
  88  5:20  Roach x3  
  95  5:21  Drone  
  95  5:22  Drone x2  
  98  5:30  Overlord  
  98  5:31  Overlord  
  98  5:35  Roach x3  
  104  5:37  Drone  
  104  5:38  Drone x2  
  104  5:41  Overlord  
  107  5:44  Roach x3  
  107  5:45  Overlord  
  107  5:46  Overseer  
  113  5:50  Zerg Ground Armor Level 1  
  113  5:53  Roach x2  
  113  5:56  Zerg Missile Weapons Level 2  
  117  6:03  Drone x2  
  119  6:07  Drone  
  119  6:08  Roach x3  
  119  6:09  Glial Reconstitution  
  126  6:11  Overlord  
  126  6:18  Roach x5  
  136  6:21  Drone x4  
  136  6:22  Drone  
  136  6:25  Extractor  
  140  6:26  Infestation Pit, Extractor  
  140  6:27  Drone x2  
  140  6:34  Overlord  
  140  6:38  Overseer  
  140  6:39  Roach x5  
  150  6:47  Drone  
  150  6:48  Roach, Drone  
  150  6:49  Roach x2, Hydralisk Den  
  150  6:52  Drone  
  158  7:03  Hive, Overlord x2  
  158  7:05  Roach x5  
  168  7:16  Roach x4  
  168  7:21  Overlord x3  
  176  7:25  Roach x3  
  182  7:31  Lurker Den, Hatchery  
  182  7:33  Ravager x4  
  184  7:38  Roach x4  
  192  7:50  Roach  
  192  7:51  Roach x4  
  199  7:52  Ravager  
  200  7:59  Spine Crawler  
  200  8:03  Ravager  
  200  8:06  Zerg Ground Armor Level 2  
  176  8:14  Roach x7  
  176  8:19  Roach x4  
  174  8:24  Roach x4  
  174  8:33  Roach, Burrow  
  174  8:34  Roach x2  
  181  8:36  Hatchery  
  180  8:44  Roach x8  
  196  8:50  Ravager  
  197  8:57  Spine Crawler x2  
  197  8:59  Hydralisk x2  
  199  9:03  Overlord x2  
  187  9:15  Roach x10  
  168  9:20  Roach x5  
  155  9:24  Roach x4  
  143  9:32  Roach x5  
  143  9:36  Lurker x2  
  147  9:39  Roach x3  
  151  9:47  Roach x4  
  159  9:57  Seismic Spines  
  159  9:59  Drone x5  
  164  10:00  Drone  
  164  10:01  Hydralisk x2  
  164  10:05  Extractor  
  164  10:06  Ravager  
  169  10:09  Extractor  
  168  10:15  Hydralisk  
  168  10:16  Hydralisk x4  
  168  10:17  Spore Crawler  
  168  10:18  Overlord  
  177  10:22  Overlord  
  177  10:30  Lurker  
  177  10:31  Lurker  
  177  10:35  Hydralisk x4  
  187  10:43  Lurker  
  187  10:45  Lurker  
  189  10:51  Overlord x2  
  189  10:54  Adaptive Talons  
  189  10:55  Hydralisk x2  
  193  11:04  Queen  
  193  11:06  Overlord  
  193  11:07  Zerg Missile Weapons Level 3  
  193  11:08  Hydralisk x4  
  193  11:09  Hydralisk x5  
  195  11:13  Roach x23  
  195  11:25  Hydralisk x4  
  193  11:37  Hydralisk x13  
  194  11:42  Hydralisk  
  194  11:43  Hydralisk  
  179  11:52  Hydralisk  
  179  11:53  Hydralisk x4  
  165  12:03  Hydralisk x3  
  165  12:06  Roach x3  
  165  12:08  Roach  
  167  12:12  Roach x2  
  167  12:13  Lurker  
  168  12:19  Grooved Spines  
  168  12:20  Roach x2  
  172  12:23  Lurker x2  
  174  12:32  Lurker x2  
  176  12:42  Lurker  
  176  12:43  Lurker x2  
  179  12:44  Hatchery  
  179  12:45  Drone x3  
  179  12:47  Spore Crawler, Spine Crawler  
  179  12:49  Drone  
  180  12:56  Viper  
  180  12:57  Overseer  
  183  13:01  Viper  
  186  13:13  Viper  
  189  13:20  Spine Crawler, Overseer x2  
  189  13:21  Spine Crawler x2  
  189  13:22  Roach x4  
  194  13:30  Muscular Augments  
  194  13:41  Overlord  
  194  13:43  Overlord x3  
  194  13:47  Drone  
  194  13:48  Overlord, Drone x2  
  197  13:49  Hydralisk  
  197  13:50  Nydus Network  
  198  14:00  Hydralisk  
  197  14:36  Hydralisk x8  
  191  14:48  Viper x2  
  191  14:49  Hydralisk  
  191  14:50  Hydralisk, Overseer  
  191  14:52  Hatchery  
  194  15:06  Overseer x2  
  188  15:10  Lurker x2  
  188  15:11  Lurker x2  
  188  15:13  Overlord  
  192  15:15  Overseer  
  192  15:18  Hydralisk x4  
  200  15:29  Nydus Canal  
  200  15:47  Nydus Canal  
Tags
 
Add a new tag
Caveats
  • Supply blocks, unpowered buildings, or Contaminate may cause inaccurate times.
  • Supply counts are checked every 10 seconds.